 Dungeon Crawl Stone Soup version 0.26.1-11-gd32895ea62 (webtiles) character file.

Game seed: 17281786151674296577

13 tizbic2 the Sneak (level 2, -2/13 HPs)
             Began as a Vine Stalker Enchanter on June 26, 2021.
             Slain by a leopard gecko (3 damage)
             ... on level 1 of the Dungeon.
             The game lasted 00:03:03 (245 turns).

tizbic2 the Sneak (Vine Stalker Enchanter)           Turns: 245, Time: 00:03:03

Health: -2/13      AC:  4    Str: 10    XL:     2   Next: 37%
Magic:  0/6        EV: 12    Int: 15    God:
Gold:   10         SH:  0    Dex: 17    Spells: 4/5 levels left

rFire    x . .     SeeInvis .   g - +0 hand axe (curse)
rCold    + . .     Faith    .   (no shield)
rNeg     . . .     Spirit   +   b - +0 robe
rPois    .         Reflect  .   (no helmet)
rElec    .         Harm     .   (no cloak)
rCorr    .         Rampage  .   c - +1 pair of gloves {Dex+3}
Will     .....                  (no boots)
Stlth    +++.......             (no amulet)
HPRegen  0.04/turn              d - ring of ice
MPRegen  0.10/turn              (no ring)

@: no status effects
A: fangs 2, magic shield, antimagic bite, no potion heal 3
a: no special abilities


You were on level 1 of the Dungeon.
You visited 1 branch of the dungeon, and saw 1 of its levels.

You collected 10 gold pieces.

Inventory:

Hand Weapons
 a - a +1 dagger
 g - a cursed +0 hand axe (weapon)
Armour
 b - a +0 robe (worn)
 c - a +1 pair of gloves of dexterity (worn)
Jewellery
 d - a ring of ice (left hand)
Scrolls
 e - a scroll of remove curse {unknown}
 f - a scroll of identify {unknown}


   Skills:
 + Level 1.3 Short Blades
 * Level 1.8 Dodging
 + Level 3.7 Stealth
 + Level 2.2 Spellcasting
 + Level 3.1 Hexes


You had 4 spell levels left.
You knew the following spells:

 Your Spells              Type           Power        Failure   Level
a - Corona                Hex            12%          6%          1

Your spell library contained the following spells:

 Spells                   Type           Power        Failure   Level
 Ensorcelled Hibernation  Hex/Ice        18%          17%         2
 Confusing Touch          Hex            11%          19%         3
 Tukima's Dance           Hex            11%          19%         3
 Dazzling Flash           Conj/Hex       12%          34%         3


Dungeon Overview and Level Annotations

Branches:
Dungeon (1/15)

Altars:


Innate Abilities, Weirdness & Mutations

You have extremely sharp teeth.
When hurt, damage is shared between your health and your magic reserves.
Your bite disrupts and absorbs the magic of your enemies.
Potions cannot restore your health.


Message History

You bite the leopard gecko, but do no damage.
The leopard gecko is moderately wounded.
The leopard gecko bites you.
* * * LOW HITPOINT WARNING * * *
You barely miss the leopard gecko.
The leopard gecko is moderately wounded.
The leopard gecko barely misses you.
The leopard gecko bites you but does no damage.
You hit the leopard gecko. Your bite misses the leopard gecko.
The leopard gecko is heavily wounded.
The leopard gecko bites you. The leopard gecko barely misses you.
You hit the leopard gecko.
You bite the leopard gecko, but do no damage.
The leopard gecko is almost dead.
The leopard gecko barely misses you.
The leopard gecko bites you but does no damage.
You closely miss the leopard gecko.
The leopard gecko is almost dead.
The leopard gecko bites you.
You die...

#####$# #.# #.
#.....### ..### ..
#.......###... #
##.##.#......#
#.##.#..###..##
#.##$#.....#..####
#r##....##.##..##.
#l#......?.....#..
#@#....##..###....
##.#>...###........
#...#########....#.
#.#.#.......#..#.##
#.#.'...<...+......
#.###.......#.###.#
#.###########.# #..
#...#.......#.###..
#.#.+.>.>.>.+.#....


You could see a leopard gecko (corona) and a rat.

Vanquished Creatures
  A dart slug (D:1)
  A leopard gecko (D:1)
  2 bats (D:1)
  A goblin (D:1)
  2 hobgoblins (D:1)
  A frilled lizard (D:1)
  A kobold (D:1)
9 creatures vanquished.

Notes
Turn   | Place    | Note
-------+----------+-------------------------------------------
     0 | D:1      | tizbic2 the Vine Stalker Enchanter began the quest for the
                  | Orb.
     0 | D:1      | Reached XP level 1. HP: 9/9 MP: 4/4
   118 | D:1      | Reached skill level 1 in Short Blades
   146 | D:1      | Reached XP level 2. HP: 10/13 MP: 3/6
   245 | D:1      | Slain by a leopard gecko

Illustrated notes

Levels and vault maps discovered:
D:1:      minmay_arrival_up_and_down, layout_rooms

Skill      XL: |  1 |
---------------+----+-----
Short Blades   | 1 |  1.3
Dodging        | |  1.8
Stealth        | |  3.7
Spellcasting   | |  2.2
Hexes          | |  3.1

Action                   || total
-------------------------++-------
Melee: Dagger            ||    34
       Bite              ||    11
       Hand axe          ||     6
 Cast: Corona            ||     8
Armor: Robe              ||    20
Dodge: Dodged            ||    35
